 Dungeon Crawl Stone Soup version 0.30.1-4-g462c640d31 (webtiles) character file.

Game seed: 12734400956918791855

56 Hetzau the Caller (level 3, -1/24 HPs)
             Began as a Barachi Summoner on Sept 18, 2023.
             Slain by an adder (2 damage)
             ... on level 2 of the Dungeon.
             The game lasted 00:10:15 (1897 turns).

Hetzau the Caller (Barachi Summoner)                Turns: 1897, Time: 00:10:15

Health: -1/24      AC:  5    Str:  9    XL:     3   Next: 97%
Magic:  7/7        EV: 10    Int: 17    God:
Gold:   74         SH:  5    Dex: 12    Spells: 4/8 levels left

rFire   . . .        j - +0 whip
rCold   . . .        (no shield)
rNeg    . . .        e - +0 ring mail
rPois   .            (no helmet)
rElec   .            (no cloak)
rCorr   .            (no gloves)
SInv    .            (no boots)
Will    .....        f - amulet of reflection
Stlth   +            (no ring)
HPRegen 0.24/turn    (no ring)
MPRegen 0.10/turn

%: reflection
@: slow
A: amphibious, slowness 1, strong legs 1, +LOS
a: Hop


You were on level 2 of the Dungeon.
You visited 1 branch of the dungeon, and saw 2 of its levels.

You collected 74 gold pieces.

Inventory:

Hand Weapons
 j - a +0 whip (weapon)
Missiles
 c - 5 poisoned darts
Armour
 a - a +0 robe
 e - a +0 ring mail (worn)
Jewellery
 f - an amulet of reflection (around neck)
Scrolls
 d - 2 scrolls of blinking {unknown}
 i - a scroll of identify {unknown}
 k - a scroll of silence {unknown}
Potions
 b - a potion of magic
 g - a potion of mutation {unknown}
 h - a potion of haste {unknown}
 l - 2 potions of flight {unknown}


   Skills:
 + Level 1.2 Armour
 - Level 2.1 Dodging
 - Level 1.7 Stealth
 + Level 3.0 Spellcasting
 * Level 5.8 Summonings


You had 4 spell levels left.
You knew the following spells:

 Your Spells              Type           Power      Damage    Failure   Level
a - Summon Small Mammal   Summ           88%        N/A       4%          1
b - Call Canine Familiar  Summ           22%        N/A       14%         3

Your spell library contained the following spells:

 Spells                   Type           Power      Damage    Failure   Level
 Call Imp                 Summ           44%        N/A       7%          2
 Summon Guardian Golem    Hex/Summ       12%        N/A       41%         3
 Summon Lightning Spire   Summ/Air       12%        N/A       83%         4


Dungeon Overview and Level Annotations

Branches:
Dungeon (2/15)

Altars:


Innate Abilities, Weirdness & Mutations

You are amphibious.
You cover ground slowly.
You can hop short distances.
You have an extended range of vision and can be seen from far away.


Message History

The worm dies!
The adder attacks as you move away! The adder closely misses you.
You barely miss the adder. You block the adder's attack.
Your hound misses the quokka. You block the adder's attack.
You barely miss the adder. The adder bites you but does no damage.
The ogre hits you with a +0 giant club!
Ouch! That really hurt!
The adder attacks as you move away! The adder bites you but does no damage.
The adder barely misses you. The adder attacks as you move away!
The adder bites you.
* * * LOW HITPOINT WARNING * * *
Your hound bites the quokka.
The quokka closely misses your hound.
Your hound bites the quokka.
The quokka bites your hound.
Your hound dies!
Your hound's corpse disappears in a puff of smoke!
The adder bites you but does no damage. The ogre attacks as you move away!
The ogre barely misses you. You block the adder's attack.
The ogre attacks as you move away! You block the ogre's attack.
The adder attacks as you move away! The adder completely misses you.
The adder bites you.
* * * LOW HITPOINT WARNING * * *
You are poisoned.
The adder poisons you! The adder attacks as you move away!
The adder bites you but does no damage.
* * * LOW HITPOINT WARNING * * *
You feel sick. The adder attacks as you move away!
The adder bites you but does no damage.
* * * LOW HITPOINT WARNING * * *
You feel sick. The adder completely misses you.
You miss the adder.
* * * LOW HITPOINT WARNING * * *
You feel sick. The adder bites you but does no damage.
You hit the adder.
The adder is lightly wounded.
* * * LOW HITPOINT WARNING * * *
You feel sick.
You are no longer poisoned.
The adder bites you.
You die...

#...........#.#### #...#...
#.........###.# #.#.#...
#.......).# #.######.#.....
#.........# #)##...........
#.........###)#..#.#####...
#.........##....##.##......
##(...........#.......#####
#####
##.....#####.#..######
..).## #....rOS@...<..#
.....####...#######.####
.......†....# #.#
........#.### ##.#
...(......# ##..#
.........## #...#
.........# #...# .).......#
####..## ........## #.....#


You could see an ogre, an adder and a quokka.

Vanquished Creatures
  An adder (D:2)
  A dart slug (D:1)
  3 ball pythons (D:1)
  A giant cockroach (D:2)
  A hobgoblin (D:1)
  4 jackals (D:1)
  A bat (D:1)
  A frilled lizard (D:2)
  2 goblins (D:2)
  3 kobolds (D:2)
  2 rats
20 creatures vanquished.

Vanquished Creatures (collateral kills)
  A worm (D:2)
  A dart slug (D:1)
  A ball python (D:1)
  An endoplasm (D:1)
  A giant cockroach (D:2)
  2 goblins (D:1)
  3 hobgoblins (D:1)
  2 kobolds (D:1)
  A bat (D:2)
  3 frilled lizards
  3 rats
19 creatures vanquished.

Grand Total: 39 creatures vanquished

Notes
Turn   | Place    | Note
-------+----------+-------------------------------------------
     0 | D:1      | Hetzau the Barachi Summoner began the quest for the Orb.
     0 | D:1      | Reached XP level 1. HP: 13/13 MP: 3/3
    60 | D:1      | Reached skill level 5 in Summonings
    82 | D:1      | Reached XP level 2. HP: 16/19 MP: 0/5
  1018 | D:1      | Reached XP level 3. HP: 24/24 MP: 7/7
  1418 | D:2      | Reached skill level 1 in Armour
  1810 | D:2      | Learned a level 3 spell: Call Canine Familiar
  1876 | D:2      | Noticed an ogre
  1897 | D:2      | HP: 1/24 [poisoned by an adder]
  1897 | D:2      | Slain by an adder

Illustrated notes

Levels and vault maps discovered:
D:1:      minmay_arrival_nine_rooms, layout_basic
D:2:      layout_rooms

Skill      XL: |  1  2  3 |
---------------+----------+-----
Summonings     | 5 |  5.8
Armour         | 1 |  1.2
Spellcasting   | 3 |  3.0
Dodging        | |  2.1
Stealth        | |  1.7

Action                     || total
---------------------------++-------
  Melee: Unarmed           ||    13
         Club              ||    18
         Whip              ||    65
   Cast: Summon Small Mamm ||    29
         Call Canine Famil ||     2
 Armour: Ring mail         ||    48
         Robe              ||     3
  Dodge: Dodged            ||    73
  Block: Other             ||    28
         Reflection        ||     1
